 Dungeon Crawl Stone Soup version 0.30.0-5-g1a98f26d00 (webtiles) character file.

Game seed: 4149230330626707388

15255 Gabide the Brawler (level 11, -6/75 HPs)
             Began as a Mummy Berserker on May 9, 2023.
             Was a High Priest of Trog.
             Mangled by a two-headed ogre
             ... wielding a +0 giant club
              (21 damage)
             ... on level 12 of the Dungeon.
             The game lasted 00:31:35 (12147 turns).

Gabide the Brawler (Mummy Berserker)               Turns: 12147, Time: 00:31:35

Health: -6/75      AC: 19    Str: 24    XL:     11   Next: 99%
Magic:  11/11      EV:  6    Int:  6    God:    Trog [*****.]
Gold:   1662       SH:  5    Dex: 13    Spells: 10/10 levels left

rFire   . .          .
                       - Unarmed
rCold   + . .        (no shield)
rNeg    + + +        v - +2 chain mail {rF+}
rPois   ∞            d - +0 helmet
rElec   .            c - +2 cloak {Stlth+}
rCorr   .            g - +0 pair of gloves
SInv    .            (no boots)
Will    ++++.        n - amulet of reflection Stlth
                     p - +4 ring of protection
HPRegen 1.32/turn    f - ring of willpower
MPRegen 0.12/turn

%: reflection, faith
@: grasped by roots, strong-willed, regenerating, constricted
A: cold resistance 1, negative energy resistance 3, torment resistance 2, heat
vulnerability 1, in touch with death 1, no potions, faith
a: Renounce Religion, Trog's Hand, Brothers in Arms


You were on level 12 of the Dungeon.
You worshipped Trog.
Trog was extremely pleased with you.
You visited 1 branch of the dungeon, and saw 12 of its levels.
You also visited: Sewer.

You collected 1987 gold pieces.
You spent 325 gold pieces at shops.

Inventory:

Armour
 a - the +3 leather armour "Sydotz" {rPois}
   (You found it on level 11 of the Dungeon)

   rPois:     It protects you from poison.
 c - a +2 cloak of stealth (worn)
 d - a +0 helmet (worn)
 g - a +0 pair of gloves (worn)
 v - a +2 chain mail of fire resistance (worn)
Jewellery
 f - a ring of willpower (right hand)
 n - an amulet of reflection (around neck)
 p - a +4 ring of protection (left hand)
 u - a ring of protection from cold
Wands
 b - a wand of flame (8)
 q - a wand of charming (2)
 t - a wand of mindburst (4)
Scrolls
 e - 6 scrolls of identify
 h - 6 scrolls of teleportation
 i - a scroll of immolation
 j - 4 scrolls of vulnerability
 k - a scroll of summoning
 l - 5 scrolls of blinking
 m - 2 scrolls of fog
 o - 2 scrolls of poison


   Skills:
 - Level 3.0 Fighting
 - Level 1.5 Armour
 - Level 1.6 Dodging
 * Level 16.3 Unarmed Combat


You had 10 spell levels left.
You didn't know any spells.
Your spell library was empty.

Dungeon Overview and Level Annotations

Branches:
Dungeon (12/15)            Temple (0/1) D:7             Orc (0/2) D:9
  Sewer (visited)
   Lair: D:8-11

Altars:
Ashenzari
Dithmenos
Fedhas
Gozag
Makhleb
Nemelex Xobeh
Ru
Sif Muna
Trog
Yredelemnul

Shops:
D:6 =

Annotations:
D:7 1 runed translucent door, Foic's ghost, novice TrFi
D:8 3 runed translucent doors, martbhell's ghost, novice MiAr
D:12 Jorgrun


Innate Abilities, Weirdness & Mutations

You are immune to poison.
Your flesh is cold resistant. (rC+)
You are immune to negative energy. (rN+++)
You are immune to unholy pain and torment.
You are vulnerable to heat. (rF-)
You are in touch with the powers of death.
You do not drink.
You have a special connection with the divine. (Faith)


Message History

Jorgrun hits you but does no damage.
Your ogre closely misses Jorgrun.
You hit Jorgrun.
Jorgrun is heavily wounded.
You barely miss Jorgrun.
Jorgrun is heavily wounded.
Your ogre misses Jorgrun.
Jorgrun hits you with a +0 heavy quarterstaff!
You barely miss Jorgrun.
Jorgrun is heavily wounded.
The two-headed ogre barely misses you.
The two-headed ogre hits you with a +0 giant club.
Your ogre closely misses Jorgrun.
You hit Jorgrun. Your punch misses Jorgrun.
Jorgrun is heavily wounded.
You block Jorgrun's attack.
You miss Jorgrun.
Jorgrun is heavily wounded.
Your ogre barely misses Jorgrun.
The two-headed ogre hits you with a +0 giant club!!
The two-headed ogre hits you with a +0 giant club.
You punch Jorgrun!
Jorgrun is severely wounded.
Your ogre hits Jorgrun with a +0 giant club!!
Jorgrun gestures at you while chanting.
Roots burst forth from the earth!
The grasping roots grab you! The grasping roots constrict you.
You completely miss Jorgrun.
Jorgrun is almost dead.
You block the two-headed ogre's attack. The two-headed ogre barely misses you.
Your ogre closely misses Jorgrun.
The roots grasp on you weakens, but your attempt to escape fails.
Jorgrun hits you with a +0 heavy quarterstaff!
The grasping roots constrict you!
* * * LOW HITPOINT WARNING * * *
Your ogre closely misses Jorgrun.
The roots grasp on you weakens, but your attempt to escape fails.
The two-headed ogre hits you but does no damage.
The two-headed ogre hits you with a +0 giant club!!
You die...

#.........†.....#........
#...............#........
######.###....[.#........
#####.###......#........
#..........#####........
#$.........# #..........#
#..........####
#......@O......
#......Og..##..
#..........#
#............
#..............
###########.... #... ...


You could see Jorgrun (ally target), a two-headed ogre and a friendly ogre
(summoned, berserk).

Vanquished Creatures
  Josephine (D:10)
  2 two-headed ogres (D:11)
  Nergalle (D:11)
  Lodul (D:11)
  A deep elf pyromancer (D:11)
  Psyche (D:10)
  A komodo dragon (D:12)
  A troll (D:11)
  2 water elementals (D:11)
  A shadow (D:9)
  4 wraiths
  21 yaks
  A basilisk (D:11)
  A steam dragon (D:8)
  14 vampire mosquitoes
  An acid dragon (D:10)
  A water moccasin (D:9)
  6 orc warriors
  A sky beast (D:6)
  7 ogres
  2 centaurs
  2 kobold brigands
  2 phantoms
  4 bullfrogs
  2 scorpions (D:5)
  7 killer bees
  5 howler monkeys
  2 gnoll boudas
  6 orc priests
  Crazy Yiuf (D:2)
  2 hounds
  Natasha (thrice) (D:2)
  2 iguanas
  6 orc wizards
  A sleepcap (D:4)
  14 adders
  19 gnolls
  2 river rats (Sewer)
  A shadow imp (D:6)
  A white imp (D:7)
  An ufetubus (D:4)
  A dart slug (D:2)
  36 orcs
  9 bats
  12 endoplasms
  5 giant cockroaches
  5 goblins
  7 hobgoblins
  3 jackals (D:4)
  2 quokkas
  17 ball pythons
  10 frilled lizards
  20 kobolds
  13 rats
294 creatures vanquished.

Vanquished Creatures (collateral kills)
  Erolcha (D:11)
  A troll (D:11)
  3 yaks (D:9)
  A killer bee (D:7)
6 creatures vanquished.

Vanquished Creatures (others)
  A black bear (D:8)
  A killer bee (D:7)
  An orc wizard (D:4)
3 creatures vanquished.

Grand Total: 303 creatures vanquished

Notes
Turn   | Place    | Note
-------+----------+-------------------------------------------
     0 | D:1      | Gabide the Mummy Berserker began the quest for the Orb.
     0 | D:1      | Reached XP level 1. HP: 18/18 MP: 1/1
   260 | D:1      | Reached XP level 2. HP: 18/24 MP: 2/2
   367 | D:1      | Reached skill level 3 in Unarmed Combat
   647 | D:2      | Noticed Natasha
   659 | D:2      | Killed Natasha
   660 | D:2      | Gained mutation: You are in touch with the powers of death.
                  | [Mummy growth]
   660 | D:2      | Reached XP level 3. HP: 5/29 MP: 3/3
   902 | D:2      | Reached ** piety under Trog
   974 | D:2      | Reached skill level 4 in Unarmed Combat
   974 | D:2      | Reached XP level 4. HP: 32/35 MP: 4/4
  1128 | D:2      | Noticed Natasha
  1151 | D:2      | Killed Natasha
  1456 | D:2      | Found a runed translucent door.
  1457 | D:2      | Noticed Crazy Yiuf
  1657 | D:2      | Noticed Natasha
  1671 | D:2      | Killed Natasha
  1672 | D:2      | Reached XP level 5. HP: 21/41 MP: 5/5
  1783 | D:2      | Killed Crazy Yiuf
  1784 | D:2      | Reached skill level 5 in Unarmed Combat
  2497 | D:4      | Reached XP level 6. HP: 42/47 MP: 6/6
  2615 | D:4      | Reached skill level 6 in Unarmed Combat
  2942 | D:4      | You fall into a shaft and drop 1 floor!
  2942 | D:5      | Entered Level 5 of the Dungeon
  2972 | D:4      | Found a glowing drain.
  2997 | Sewer    | Entered a sewer
  3089 | Sewer    | Reached *** piety under Trog
  3801 | D:4      | Found a blossoming altar of Fedhas.
  3846 | D:4      | Reached XP level 7. HP: 52/52 MP: 7/7
  3979 | D:4      | Reached skill level 7 in Unarmed Combat
  4166 | D:4      | Identified a scroll of acquirement
  4167 | D:4      | Acquired 738 gold pieces
  4395 | D:5      | Reached **** piety under Trog
  4444 | D:5      | Found a sacrificial altar of Ru.
  4481 | D:5      | Found a broken altar of Ashenzari.
  4484 | D:5      | Found a shimmering blue altar of Sif Muna.
  4626 | D:5      | Reached skill level 8 in Unarmed Combat
  4644 | D:5      | Reached XP level 8. HP: 47/58 MP: 8/8
  4910 | D:5      | Found a shadowy altar of Dithmenos.
  5450 | D:6      | Found Doxy's Jewellery Shoppe.
  5469 | D:6      | Bought a ring of willpower for 325 gold pieces
  5554 | D:6      | Found an opulent altar of Gozag.
  5734 | D:7      | Found a staircase to the Ecumenical Temple.
  5868 | D:7      | Reached skill level 9 in Unarmed Combat
  6092 | D:7      | Found a runed translucent door.
  6092 | D:7      | Noticed Foic's ghost (novice TrFi)
  6672 | D:8      | Reached skill level 10 in Unarmed Combat
  6989 | D:7      | Reached XP level 9. HP: 18/63 MP: 9/9
  7501 | D:8      | Found a runed translucent gate.
  7508 | D:8      | Found a runed translucent gate.
  7508 | D:8      | Found an opulent altar of Gozag.
  7510 | D:8      | Found a runed translucent gate.
  7511 | D:8      | Noticed martbhell's ghost (novice MiAr)
  7539 | D:8      | HP: 2/63 [something] (3)]
  7801 | D:9      | Reached skill level 11 in Unarmed Combat
  7993 | D:9      | Found a staircase to the Orcish Mines.
  8017 | D:9      | Reached skill level 12 in Unarmed Combat
  8277 | D:9      | Reached XP level 10. HP: 64/70 MP: 10/10
  9202 | D:10     | Entered Level 10 of the Dungeon
  9309 | D:10     | Noticed Psyche
  9317 | D:10     | Killed Psyche
  9631 | D:10     | Reached skill level 13 in Unarmed Combat
  9681 | D:10     | Found a basalt altar of Yredelemnul.
  9682 | D:10     | Found a bloodstained altar of Trog.
  9683 | D:10     | Found a burning altar of Makhleb.
  9684 | D:10     | Found a sparkling altar of Nemelex Xobeh.
  9740 | D:10     | Noticed Josephine
  9751 | D:10     | Killed Josephine
  9944 | D:10     | Reached ***** piety under Trog
 10262 | D:11     | Noticed a two-headed ogre
 10277 | D:11     | Killed a two-headed ogre
 10277 | D:11     | Noticed Erolcha
 10278 | D:11     | Reached skill level 14 in Unarmed Combat
 10410 | D:11     | Killed Erolcha
 10411 | D:11     | Reached XP level 11. HP: 75/75 MP: 11/11
 10430 | D:11     | Identified the +3 leather armour "Sydotz" {rPois}
 10440 | D:11     | Noticed a two-headed ogre
 10462 | D:11     | Killed a two-headed ogre
 10595 | D:11     | Noticed Lodul
 10608 | D:11     | Killed Lodul
 10857 | D:11     | Reached skill level 15 in Unarmed Combat
 11019 | D:11     | Noticed a deep elf pyromancer
 11279 | D:11     | Killed a deep elf pyromancer
 11352 | D:11     | Noticed Nergalle
 11370 | D:11     | Killed Nergalle
 11650 | D:11     | Reached skill level 16 in Unarmed Combat
 12007 | D:12     | Received a gift from Trog
 12122 | D:12     | Noticed Jorgrun
 12129 | D:12     | Noticed a two-headed ogre
 12147 | D:12     | Mangled by a two-headed ogre

Illustrated notes

Levels and vault maps discovered:
D:1:      dpeg_arrival_ternary, layout_basic
D:2:      minmay_general_purpose_star, layout_basic, minmay_tromino_mix6,
          uniq_natasha, uniq_crazy_yiuf_cottage
D:3:      layout_rooms, minmay_ruptured
D:4:      layout_loops_ring, fedhas_altar_fruit_tree, gup_sewer_entry_glass
D:5:      layout_rooms, general_overflow_altar, kennysheep_little_box,
          grunt_temple_overflow_diamond, roderic_roman_lattice, chequers_avenue
D:6:      layout_loops_ring, grunt_gozag_statues, serial_shops,
          nicolae_shop_advertising_works [nicolae_subvault_shop_adworks]
D:7:      layout_gridville, minmay_temple_entry_glass,
          hellmonk_ghost_happy_afterlife
D:8:      layout_gridville, grunt_lair_entry_orc_guard_hut, ebering_ghost_gozag,
          eino_tiny_chamber
D:9:      layout_gridville, david_orc_5
D:10:     layout_cave_pods, mainiacjoe_overflow_alcove_3, dk_noncrumbling_3,
          uniq_psyche, uniq_josephine
D:11:     layout_irregular_city, serial_bayou, serial_bayou_pond_e,
          serial_bayou_shore_a, serial_bayou_pond_c, serial_bayou_pond_d,
          uniq_lodul, uniq_erolcha, uniq_nergalle
D:12:     minmay_connected_boxes_in_corner, layout_rooms,
          gauntlet_entry_generic, uniq_jorgrun

Skill      XL: |  1  2  3  4  5  6  7  8  9 10 11 |
---------------+----------------------------------+-----
Unarmed Combat | 3 4 5 6 8 10 12 14 16 | 16.3
Fighting       | |  3.0
Armour         | |  1.5
Dodging        | |  1.6

Action                     |  1- 3 |  4- 6 |  7- 9 | 10-12 || total
---------------------------+-------+-------+-------+-------++-------
  Melee: Unarmed           |    98 |   363 |   402 |   422 ||  1285
         Punch             |     5 |    11 |    25 |    37 ||    78
 Invoke: Trog's Hand       |     1 |     9 |    10 |     5 ||    25
         Brothers in Arms  |       |       |       |     2 ||     2
  Evoke: Wand              |       |       |     6 |     8 ||    14
    Use: Scroll            |    10 |     8 |     5 |     1 ||    24
   Stab: Sleeping          |     2 |     9 |     5 |       ||    16
         Distracted        |       |     1 |     1 |     1 ||     3
 Armour: Animal skin       |    24 |   110 |   124 |     5 ||   263
         Plate armour      |       |       |       |    96 ||    96
         Chain mail        |       |       |       |   155 ||   155
  Dodge: Dodged            |    64 |   252 |   193 |   131 ||   640
  Block: Other             |       |       |    65 |    61 ||   126
         Reflection        |       |       |       |     2 ||     2
